Map: Lost and Found LE

Players

hutchyhutchy - Winner!

  • Race: Zerg Zerg
  • League: Diamond
  • Spawn Location: 1:00

Medjai

  • Race: Protoss Protoss
  • League: Platinum
  • Spawn Location: 7:00

VOD

Have the link to the VOD?

Description

rusty ass zvp

Time

  • Played on: July 21, 2018, 1:23 p.m.
  • Length: 19:00
Show
View Real Time Build Order
Export as new Build Order

hutchyhutchy Zerg - Winner!

Build Orders: Hatch First, Lurkers 

Get SALT Encoding   

  12  0:00  Drone  
  13  0:13  Overlord  
  13  0:17  Drone  
  14  0:31  Drone  
  15  0:46  Hatchery  
  15  0:49  Drone  
  15  0:53  Drone  
  17  0:57  Drone  
  17  1:12  Spawning Pool  
  17  1:15  Drone  
  17  1:17  Extractor  
  16  1:20  Drone  
  16  1:24  Drone  
  18  1:32  Drone  
  19  1:43  Overlord  
  19  1:54  Drone  
  19  2:00  Queen x2  
  24  2:01  Zergling x2  
  24  2:05  Zergling x2  
  26  2:16  Metabolic Boost  
  26  2:21  Drone x3  
  29  2:26  Drone  
  30  2:43  Hatchery  
  29  2:46  Drone  
  29  2:47  Drone  
  29  2:49  Drone x2  
  33  2:54  Overlord  
  33  2:58  Drone  
  34  3:05  Overlord  
  34  3:14  Queen  
  36  3:23  Overlord  
  36  3:24  Drone  
  36  3:25  Drone x4  
  41  3:40  Overlord  
  41  3:41  Drone  
  41  3:42  Drone  
  43  3:49  Drone  
  44  3:56  Queen  
  46  4:03  Drone  
  46  4:04  Drone x3  
  46  4:05  Extractor  
  46  4:06  Extractor  
  48  4:14  Drone x3  
  51  4:29  Overlord x3  
  51  4:34  Queen  
  51  4:35  Queen  
  51  4:37  Hatchery  
  54  4:39  Drone x7  
  61  4:47  Lair  
  61  4:51  Evolution Chamber  
  60  4:56  Baneling Nest  
  59  5:01  Zergling x16  
  59  5:04  Drone x2  
  69  5:17  Spore Crawler  
  69  5:18  Spore Crawler  
  69  5:19  Overlord x3  
  67  5:28  Pneumatized Carapace  
  67  5:30  Queen  
  67  5:34  Zerg Melee Weapons Level 1  
  69  5:41  Spore Crawler  
  68  5:57  Spore Crawler  
  67  6:09  Spore Crawler  
  67  6:11  Queen x3  
  66  6:12  Queen  
  74  6:21  Centrifical Hooks  
  74  6:23  Hydralisk Den  
  74  6:24  Drone  
  74  6:25  Drone x7  
  81  6:28  Extractor  
  81  6:30  Drone x2  
  81  6:31  Drone x3  
  85  6:35  Drone x8  
  85  6:36  Drone x8  
  101  6:40  Extractor  
  101  6:43  Extractor  
  99  6:48  Overlord x4  
  99  7:04  Grooved Spines  
  99  7:07  Drone x3  
  102  7:08  Drone  
  102  7:09  Drone  
  104  7:20  Hydralisk x7  
  117  7:48  Hatchery  
  111  7:52  Spore Crawler x2, Hydralisk x6  
  111  7:54  Overlord x2  
  111  7:55  Overlord  
  111  7:57  Spore Crawler  
  118  7:59  Drone  
  118  8:01  Overlord x3  
  118  8:05  Zerg Melee Weapons Level 2  
  115  8:18  Hydralisk x11  
  135  8:24  Muscular Augments  
  135  8:36  Infestation Pit  
  129  9:12  Drone  
  129  9:13  Drone x8, Overlord x4  
  129  9:14  Overlord x2  
  129  9:15  Hive  
  138  9:20  Lurker Den  
  138  9:23  Queen  
  139  9:28  Queen  
  139  9:29  Queen  
  143  9:34  Zergling x30  
  158  9:39  Overlord x2  
  158  9:50  Evolution Chamber  
  157  10:03  Extractor  
  157  10:05  Spire  
  155  10:07  Extractor  
  155  10:13  Drone x8  
  162  10:31  Zerg Melee Weapons Level 3, Adrenal Glands  
  162  10:34  Zerg Ground Armor Level 1  
  161  10:47  Adaptive Talons  
  161  10:53  Lurker x6  
  161  10:54  Lurker  
  161  10:55  Overseer  
  161  10:56  Overseer  
  168  11:07  Hydralisk x9  
  186  11:25  Greater Spire  
  186  11:33  Drone x6  
  186  11:34  Drone  
  193  12:10  Overseer  
  186  12:55  Overlord x4  
  186  12:58  Zerg Ground Armor Level 2  
  186  13:01  Hatchery  
  185  13:09  Hatchery  
  183  13:56  Zerg Flyer Armor Level 1  
  183  13:57  Zerg Missile Weapons Level 1  
  122  14:31  Corruptor x2  
  122  14:32  Corruptor x6  
  122  14:35  Hydralisk x12  
  122  14:36  Hydralisk x19  
  200  15:12  Extractor  
  199  15:17  Extractor, Spine Crawler x2  
  199  15:20  Spine Crawler  
  172  15:33  Brood Lord x8  
  186  15:50  Queen  
  186  15:51  Overlord  
  188  16:05  Lurker x3  
  191  16:21  Zerg Ground Armor Level 3, Zerg Missile Weapons Level 2  
  142  17:17  Hydralisk  
  142  17:18  Hydralisk x4  
  142  17:19  Hydralisk x24  
Show
View Real Time Build Order
Export as new Build Order

Medjai Protoss 

Build Orders: 1 Gate Expand 

Get SALT Encoding   

  12  0:01  Probe  
  13  0:13  Probe  
  14  0:22  Pylon  
  14  0:25  Probe  
  15  0:39  Probe  
  16  0:43  Gateway  
  16  0:47  Probe  
  16  0:53  Assimilator  
  16  0:55  Probe  
  18  1:06  Probe  
  19  1:18  Probe  
  20  1:30  Nexus  
  20  1:37  Probe  
  21  1:50  Probe  
  21  1:53  Cybernetics Core  
  22  1:56  Pylon  
  22  2:02  Probe  
  22  2:06  Assimilator  
  23  2:14  Probe  
  24  2:18  Assimilator  
  24  2:24  Stalker  
  24  2:26  Probe, Pylon, Warp Gate  
  26  2:39  Probe  
  27  2:44  Pylon  
  27  2:46  Probe  
  28  2:54  Zealot  
  30  3:08  Stargate  
  30  3:12  Probe x2  
  32  3:20  Gateway  
  32  3:24  Probe x2  
  34  3:38  Shield Battery  
  34  3:40  Assimilator  
  34  3:42  Probe x2  
  36  3:54  Probe x2  
  38  4:02  Stalker  
  40  4:06  Probe x2  
  40  4:07  Phoenix  
  42  4:16  Stargate  
  44  4:19  Pylon  
  44  4:23  Probe x2  
  48  4:40  Zealot  
  48  4:44  Probe x2  
  50  4:49  Phoenix, Pylon  
  52  5:00  Zealot, Phoenix  
  52  5:02  Sentry  
  52  5:06  Phoenix  
  58  5:17  Twilight Council  
  58  5:20  Gateway  
  60  5:25  Phoenix  
  62  5:30  Phoenix  
  62  5:32  Probe  
  62  5:33  Probe  
  66  5:42  Stalker  
  68  5:43  Zealot  
  70  5:50  Phoenix  
  70  5:55  Phoenix  
  72  6:15  Phoenix  
  74  6:20  Phoenix  
  74  6:25  Stalker  
  78  6:33  Pylon  
  78  6:34  Pylon  
  78  6:38  Pylon  
  78  6:51  Phoenix x2, Probe x2  
  84  7:03  Probe x2  
  86  7:11  Charge  
  86  7:16  Phoenix  
  88  7:25  Zealot  
  88  7:26  Zealot  
  92  7:35  Nexus  
  92  7:37  Pylon  
  91  7:59  Phoenix x2  
  91  8:00  Probe  
  91  8:01  Probe  
  97  8:13  Probe  
  98  8:23  Probe  
  98  8:24  Phoenix x2  
  98  8:25  Probe  
  104  8:27  Zealot, Stalker  
  104  8:28  Zealot  
  110  8:47  Probe  
  103  8:58  Stalker  
  103  8:59  Stalker  
  103  9:00  Zealot, Blink  
  105  9:17  Gateway  
  105  9:19  Gateway  
  105  9:22  Gateway  
  105  9:23  Pylon  
  105  9:25  Probe, Pylon  
  105  9:26  Probe x2  
  105  9:28  Assimilator  
  105  9:30  Zealot, Forge, Stalker, Assimilator  
  112  9:32  Zealot, Forge  
  112  9:37  Void Ray  
  112  9:38  Probe  
  119  9:39  Void Ray  
  119  9:45  Protoss Ground Weapons Level 1  
  123  9:46  Protoss Ground Armor Level 1  
  123  9:47  Probe x2  
  123  9:49  Pylon  
  123  9:51  Pylon, Stalker  
  123  9:52  Zealot  
  129  9:53  Sentry  
  129  9:54  Pylon  
  131  10:00  Templar Archives  
  131  10:08  Probe x3  
  134  10:15  Psionic Storm  
  134  10:18  Stalker x2  
  134  10:19  Zealot  
  134  10:20  Probe, Pylon  
  141  10:22  Pylon  
  141  10:24  Pylon  
  141  10:41  High Templar x5  
  151  10:51  Probe  
  151  10:56  Pylon  
  152  10:57  Pylon  
  152  10:59  Photon Cannon  
  152  11:03  Probe, Photon Cannon  
  153  11:08  Photon Cannon  
  153  11:10  Stalker, Photon Cannon  
  155  11:14  Photon Cannon  
  155  11:21  Probe x3  
  158  11:25  Zealot  
  158  11:26  Zealot x4  
  158  11:28  Protoss Ground Armor Level 2, Protoss Ground Weapons Level 2  
  168  11:42  Zealot  
  170  12:08  Stalker  
  170  12:09  Zealot  
  170  12:10  Zealot x4, Pylon  
  170  12:31  Nexus  
  170  12:33  Pylon  
  170  12:35  High Templar x3  
  170  12:36  High Templar x3, Pylon  
  182  12:53  Assimilator  
  182  12:59  Assimilator  
  182  13:03  Photon Cannon  
  182  13:05  Photon Cannon  
  182  13:09  High Templar x3, Photon Cannon  
  182  13:10  High Templar x3  
  182  13:11  Photon Cannon  
  194  13:22  Robotics Facility  
  194  13:29  Void Ray  
  198  13:35  Protoss Ground Weapons Level 3  
  198  13:37  Protoss Ground Armor Level 3  
  198  13:51  Probe x2  
  182  14:25  Observer  
  158  14:38  High Templar x3  
  155  14:39  Zealot x3  
  155  14:44  Archon x3  
  141  15:47  Stalker  
  141  15:48  High Templar x4  
  141  15:49  Zealot, Immortal  
  153  15:57  Gateway  
  153  15:59  Gateway  
  153  16:00  Gateway  
  157  16:05  Archon x2  
  157  16:27  Immortal  
  157  16:28  Assimilator  
  157  16:31  Nexus  
  157  16:32  Zealot x2, Protoss Shields Level 1  
  159  16:33  Zealot x4  
  159  16:35  Assimilator  
  159  16:37  Pylon  
  173  16:40  Pylon  
  117  17:11  Zealot x2  
  117  17:12  Zealot x3  
  95  17:19  Immortal  
  89  17:32  Zealot, Stalker  
  89  17:33  Zealot x4  
  98  17:46  Stalker  
  98  17:47  Stalker x2  
  103  17:55  Phoenix x2  
  81  18:11  Zealot x5  
  81  18:12  Zealot x4  
  75  18:20  Phoenix  
Tags
 
Add a new tag
Caveats
  • Supply blocks, unpowered buildings, or Contaminate may cause inaccurate times.
  • Supply counts are checked every 10 seconds.